cohdb
Replays
Latest Replays
All Replays
Popular Replays
Top Player Replays
Match Explorer
How It Works
Community
CoH3 Stats
Reddit
Sign in to upload your games and track your stats! →
Sign in with Steam
Match 44659204
Unlisted
Match 44659204
Overview
Messages
Build Orders
End
Selects Airborne Battlegroup
Selects Heavy Machine Gun Paradrop
Heavy Machine Gun Paradrop
Construct Barracks
Riflemen Squad
Riflemen Squad
Riflemen Squad
Construct Medical Station
Heavy Machine Gun Paradrop
Construct Weapon Support Center
Mechanized Support Center
Selects Paratrooper Squad Paradrop
Selects Smoke Bombing Run
Smoke Bombing Run
Paratrooper Squad Paradrop
ZileZu
admiral_gnar
PIKACHU
Max
A-6 Intruder over Da Nang, 1968
mryifang
Depressed on9%
Eduardo
0
0
Comments
sign in to comment!
No comments posted yet!